 Dungeon Crawl Stone Soup version 0.21-a0-356-g45b0a09 (webtiles) character file.

584072 4thArraOfDagon the Wrestler (level 26, -7/232 HPs)
             Began as a Ghoul Abyssal Knight on Oct 11, 2017.
             Was the Champion of Makhleb.
             Killed from afar by Zosi the pandemonium lord (36 damage)
             ... with damnation
             ... in Pandemonium on Oct 12, 2017.
             The game lasted 04:04:29 (40174 turns).

4thArraOfDagon the Wrestler (Ghoul Abyssal Knight) Turns: 40174, Time: 04:04:29

Health: -7/232     AC: 53    Str: 26      XL:     26   Next: 77%
Magic:  34/34      EV: 12    Int: 19 (20) God:    Makhleb [******]
Gold:   5196       SH: 19    Dex:  8      Spells: 13/41 levels left

rFire    + . .     SeeInvis +     - Unarmed
rCold    + . .     Gourm    .   T - +5 shield {AC+3}
rNeg     + + +     Faith    .   f - +10 plate armour {ponderous}
rPois    ∞         Spirit   .   F - +2 helmet {SInv}
rElec    .         Reflect  .   Z - +2 cloak {rPois}
rCorr    .         Harm     +   l - +2 pair of gloves {Str+3}
MR       +....                  K - +2 pair of boots {Fly}
Stlth    ..........             y - amulet "Dothoph" {Harm *Drain rPois Str-2 Int+5}
HPRegen  0.00/turn              H - ring of Robustness {AC+8}
MPRegen  0.24/turn              S - ring of protection from fire

@: mighty, very slightly contaminated, rotting, slow
A: rotting body, claws 1, carnivore 3, cold resistance 1, negative energy
resistance 3, inhibited regeneration, torment resistance, unbreathing
}: 4/15 runes: decaying, serpentine, silver, demonic
a: Minor Destruction, Lesser Servant of Makhleb, Major Destruction, Greater
Servant of Makhleb, Renounce Religion, Evoke Flight


You were in Pandemonium.
You worshipped Makhleb.
Makhleb was exalted by your worship.
You were not hungry.

You visited 11 branches of the dungeon, and saw 49 of its levels.
You visited Pandemonium 2 times, and saw 7 of its levels.
You visited the Abyss 6 times.
You also visited: Labyrinth, Trove and Ice Cave.

You collected 7139 gold pieces.
You spent 1943 gold pieces at shops.

Inventory:

Missiles
 R - 3 tomahawks of dispersal (quivered)
Armour
 f - a +10 plate armour of ponderousness (worn)
 l - a +2 pair of gloves of strength (worn)
 p - +7 gold dragon scales
 F - a +2 helmet of see invisible (worn)
 K - a +2 pair of boots of flying (worn)
 T - a +5 shield of protection (worn)
 Z - a +2 cloak of poison resistance (worn)
Magical Staves
 G - an uncursed staff of earth
Jewellery
 j - an uncursed ring of protection from magic
 y - the amulet "Dothoph" (around neck) {Harm *Drain rPois Str-2 Int+5}
   (You found it on level 1 of the Swamp)

   [amulet of harm]

   It increases damage dealt and taken.
   It affects your strength (-2).
   It affects your intelligence (+5).
   It protects you from poison.
   It causes draining when unequipped.
 B - a +6 ring of intelligence
 D - the ring of Equivalence {rPois rF+ rN+ Int-4 Dex+6}
   (You took it off a yaktaur captain on level 5 of the Vaults)

   [ring of dexterity]

   It affects your intelligence (-4).
   It affects your dexterity (+6).
   It protects you from fire.
   It protects you from poison.
   It protects you from negative energy.
 H - the ring of Robustness (left hand) {AC+8}
   (You took it off a deep elf death mage on level 3 of the Depths)

   [ring of protection]

   It affects your AC (+8).
 I - the brooch of Shielding {Reflect SH+8}
   (You took it off an ironbrand convoker on level 5 of the Vaults)

   [amulet of reflection]

   It shields you and reflects attacks.
   It affects your SH (+8).
 O - an uncursed ring of resist corrosion
 S - a ring of protection from fire (right hand)
 W - an uncursed ring of protection from cold
Wands
 h - a wand of clouds (3/9)
 E - a wand of scattershot (5/9)
 J - a wand of scattershot (3/9)
 Y - a wand of scattershot (5/9)
Scrolls
 g - 3 scrolls of teleportation
 k - 6 scrolls of fog
 o - 2 scrolls of blinking
 t - 12 scrolls of recharging
 w - 25 scrolls of remove curse
 C - 17 scrolls of magic mapping
 P - 2 scrolls of torment
 V - 7 scrolls of identify
Potions
 c - 6 potions of magic
 d - 7 potions of agility
 e - 4 potions of cancellation
 i - 8 potions of brilliance
 m - 2 potions of haste
 q - 3 potions of invisibility
 r - 5 potions of resistance
 v - 11 potions of curing
 z - a potion of flight
 A - 4 potions of might
 L - 3 potions of heal wounds
 X - 3 potions of ambrosia
Miscellaneous
 a - 2 sacks of spiders
 n - a lamp of fire
 s - a box of beasts
 x - a fan of gales
 M - 2 phantom mirrors
 N - a lightning rod (4/4)
 Q - a phial of floods
Comestibles
 b - 19 meat rations
 u - 36 royal jellies


   Skills:
 + Level 17.9 Fighting
 + Level 16.8 Armour
 - Level 11.4 Dodging
 - Level 15.1 Shields
 * Level 25.6 Unarmed Combat
 - Level 8.4 Spellcasting
 - Level 9.0 Charms
 - Level 9.8 Necromancy
 - Level 9.0 Translocations
 - Level 14.9 Earth Magic
 - Level 11.0 Invocations
 - Level 4.2 Evocations


You had 13 spell levels left.
You knew the following spells:

 Your Spells              Type           Power        Failure   Level  Hunger
a - Swiftness             Chrm/Air       ####....     12%         2    None
b - Regeneration          Chrm/Necr      #####.....   3%          3    None
c - Control Undead        Necr           #####.....   9%          4    ###....
d - Apportation           Tloc           #####.       1%          1    None
e - Blink                 Tloc           N/A          1%          2    None
f - Lesser Beckoning      Tloc           #####.....   3%          3    None
g - Passage of Golubria   Tloc           N/A          12%         4    ###....
h - Song of Slaying       Chrm           #####...     1%          2    None
i - Lee's Rapid Deconstr  Erth           ######....   3%          5    #####..
j - Passwall              Tmut/Erth      #####.....   3%          2    None


Dungeon Overview and Level Annotations

Branches:
Dungeon (15/15)            Temple (1/1) D:6            Lair (6/6) D:11
  Swamp (4/4) Lair:4        Snake (4/4) Lair:4        Slime (2/5) Lair:5
    Orc (2/2) D:9             Elf (3/3) Orc:2        Vaults (5/5) D:13
  Crypt (2/3) Vaults:3     Depths (5/5) D:15            Zot (0/5) Depths:5

Altars:
Ashenzari
Cheibriados
Dithmenos
Elyvilon
Fedhas
Gozag
Hepliaklqana
Kikubaaqudgha
Makhleb
Okawaru
Qazlal
Ru
Sif Muna
Uskayaw
Vehumet
Wu Jian
Xom
Yredelemnul
Zin
Beogh
Jiyva

Shops:
D:14 }   D:15 (   Orc:2 *(![   Elf:2 =   Vaults:1 *   Depths:1 [[[}
Depths:4 ?

Portals:
Hell: Depths:1 Depths:2 Depths:3 Depths:5
Abyss: Depths:2 Depths:3
Pandemonium: Depths:3
Ziggurat: Depths:4

Annotations:
D:11 LAIR, Erolcha
D:14 corrupted
Orc:1 Erica
Elf:2 2 runed doors
Elf:3 corrupted, Mara
Vaults:3 Velros's ghost, adept OgWz


Innate Abilities, Weirdness & Mutations

Your body is rotting away.
You thrive on raw meat.
You are immune to poison.
You have sharp fingernails.
You are carnivorous and can eat meat at any time.
Your flesh is cold resistant. (rC+)
You are immune to negative energy. (rN+++)
You do not regenerate when monsters are visible.
You are immune to unholy pain and torment.
You can survive without breathing.


Message History

* * * LOW HITPOINT WARNING * * *
The ynoxinul gestures.
The ufetubus hits you.
* * * LOW HITPOINT WARNING * * *
You block the ufetubus's attack.
Unknown command.
Unknown command.
Unknown command.
Blink to where?
Press: ? - help, Dir - move target cursor You are very lightly contaminated with residual magic.
As you read the scroll of blinking, it crumbles to dust.
The ufetubus disappears in a puff of smoke!
You hear a loud "Zot"!
Unknown command.
Unknown command.
You hear a loud "Zot"!
Zosi gestures at you.
The sphere of damnation explodes!
The damnation engulfs you!
You die...

#.........#
#..........
#.15.......
#5)3355....
#5)§&......
#55.5654..#
#..(......#
#.....3...#####.#
##.........@....#
################


You could see Zosi, a monstrous demonspawn, a smoke demon, a neqoxec, a red
devil and 3 ufetubi.

Vanquished Creatures
  2 ancient liches (Vaults:5)
  Frederick (Vaults:4)
  5 caustic shrikes
  4 golden dragons
  2 bone dragons
  Nikola (Elf:3)
  4 tentacled monstrosities
  Rupert (D:15)
  2 liches
  A quicksilver dragon (Depths:2)
  5 titans
  2 Hell Sentinels (Pan)
  2 deep elf blademasters (Elf:3)
  3 deep elf master archers
  5 Executioners
  Frances (D:14)
  6 sphinxes
  2 thorn hunters (Swamp:4)
  6 shadow dragons
  Kirke (Lair:5)
  5 tentacled starspawn
  4 storm dragons
  Donald (Elf:3)
  12 nagarajas
  11 tengu reavers
  An iron dragon (Depths:2)
  11 fire giants
  Louise (Depths:3)
  3 deep elf sorcerers
  A ghost moth (Abyss:5)
  10 vault wardens
  A draconian knight (Depths:5)
  14 frost giants
  The ghost of nht the Severer, a journeyman MiHu of Okawaru (Snake:1)
  The ghost of p0werm0de the Geomancer, a journeyman GnEE of Ashenzari (Swamp:2)
  3 balrugs
  2 deep elf elementalists (Vaults:5)
  2 draconian stormcallers (Depths:5)
  3 cacodemons
  2 orc warlords
  A warmonger (Pan)
  3 reapers
  3 spriggan defenders (Depths:3)
  An entropy weaver (Vaults:5)
  25 very ugly things
  12 ironheart preservers
  A blood saint (Pan)
  5 deep elf demonologists
  27 stone giants
  2 deep elf annihilators (Elf:3)
  An ophan (Abyss:5)
  A black draconian (Abyss:3)
  4 vampire knights
  A lorocyproca (Pan)
  A spark wasp (shapeshifter) (Depths:2)
  Nessos (D:15)
  A red draconian (Depths:5)
  2 black suns (Pan)
  A purple draconian (Depths:5)
  2 white draconians
  A yellow draconian (Depths:5)
  An eidolon (Vaults:3)
  2 spark wasps (Depths:2)
  13 ettins
  A minotaur (shapeshifter) (Vaults:5)
  4 deep elf death magi
  A minotaur (Lab)
  A crystal guardian (Vaults:4)
  A blizzard demon (Pan)
  17 great orbs of eyes
  Josephine (D:10)
  7 fire dragons
  2 monstrous demonspawn (Pan)
  5 jiangshi
  3 deep elf high priests
  15 yaktaur captains
  A quicksilver dragon skeleton (Abyss:5)
  15 naga warriors
  4 spriggan air magi
  A hell beast (Pan)
  8 rakshasas
  A ghost crab (Swamp:1)
  34 vault guards
  11 ice dragons
  30 hydras
  11 centaur warriors
  3 catoblepae (Lair:6)
  19 anacondas
  4 alligators
  2 death knights
  17 death yaks
  4 deep troll shamans
  13 ogre magi
  29 two-headed ogres
  11 dancing weapons
  6 vampire magi
  5 spriggan berserkers
  23 thrashing horrors
  8 tengu warriors
  5 orc high priests
  3 shock serpents
  3 soul eaters
  8 deep troll earth magi
  5 spriggans
  13 naga sharpshooters
  5 sun demons
  Nergalle (Lair:2)
  13 wretched stars
  12 deep elf knights
  4 hell knights (Depths:2)
  A fire crab (shapeshifter) (D:15)
  5 shadow wraiths
  3 iron trolls
  A quicksilver dragon simulacrum (Depths:1)
  10 skeletal warriors
  5 wizards
  28 deep trolls
  2 spatial maelstroms
  A golden dragon zombie (Vaults:4)
  A storm dragon skeleton (Depths:4)
  An unseen horror (D:15)
  A titan skeleton (Vaults:4)
  9 salamander mystics
  9 glowing orange brains
  A shadow demon (Abyss:5)
  2 flayed ghosts
  2 phantasmal warriors
  2 gelid demonspawn (Pan)
  A torturous demonspawn (Pan)
  A deep troll (shapeshifter) (Depths:2)
  13 deep elf archers
  9 swamp dragons
  6 necromancers
  A shambling mangrove (Swamp:2)
  Pikel (D:7)
  15 mana vipers
  12 orc knights
  17 ironbrand convokers
  An iron dragon zombie (Abyss:5)
  7 wolf spiders
  12 naga ritualists
  An iron giant skeleton (Crypt:2)
  A harpy (shapeshifter) (Elf:3)
  11 harpies
  A shining eye (Lair:5)
  8 cyclopes
  An orb spider (shapeshifter) (Vaults:1)
  33 ugly things
  4 lindwurms (Snake:4)
  5 orc sorcerers
  A frost giant zombie (Depths:1)
  A shadow dragon skeleton (Vaults:4)
  34 deep elf magi
  A tengu skeleton (Vaults:4)
  9 salamanders
  2 worldbinders (Abyss:5)
  A moth of wrath (shapeshifter) (Vaults:1)
  A human zombie (Vaults:4)
  7 guardian serpents
  2 manticores (Lair:6)
  3 centaur zombies
  5 elephants (Lair:6)
  A frost giant skeleton (Vaults:4)
  15 vault sentinels
  3 gargoyles
  An ice statue (IceCv)
  10 smoke demons
  37 black mambas
  2 apocalypse crabs
  24 naga magi
  A spiny frog (shapeshifter) (Abyss:5)
  A spriggan skeleton (Depths:1)
  An elf skeleton (Depths:4)
  A death yak zombie (Crypt:1)
  A demonic crawler (Pan)
  2 efreet (Abyss:5)
  A kobold demonologist (D:11)
  6 komodo dragons
  A yaktaur (shapeshifter) (Depths:2)
  2 rime drakes
  19 spiny frogs
  2 hellions (Pan)
  A tormentor (Abyss:5)
  50 yaktaurs
  4 freezing wraiths
  6 tengu conjurers
  2 queen bees (shapeshifter) (Vaults:1)
  3 red devils (Pan)
  A merfolk (shapeshifter) (Vaults:1)
  A hellwing (Pan)
  11 trolls
  A troll (shapeshifter) (Depths:2)
  A minotaur zombie (Lab)
  10 ancient zymes
  15 polar bears (IceCv)
  A queen bee (Lair:1)
  2 tyrant leeches
  A human skeleton (Vaults:4)
  A wind drake (shapeshifter) (Depths:2)
  3 blink frogs (shapeshifter)
  11 hornets
  67 slime creatures
  A snapping turtle (shapeshifter) (Depths:2)
  10 raiju
  Prince Ribbit (D:6)
  A human simulacrum (Vaults:4)
  12 blink frogs
  A raiju (shapeshifter) (Vaults:3)
  A harpy skeleton (D:15)
  8 hippogriffs
  2 hippogriffs (shapeshifter)
  A shadow dragon simulacrum (Depths:4)
  6 bog bodies
  An ettin zombie (Depths:1)
  An air elemental (Elf:1)
  3 wyverns
  5 redbacks
  5 ynoxinuls
  A redback (shapeshifter) (Depths:4)
  An ettin skeleton (Vaults:4)
  4 flying skulls
  A vampire (Abyss:5)
  3 basilisks
  3 basilisks (shapeshifter) (Vaults:3)
  7 water elementals
  12 wraiths
  4 shadows
  A yak (shapeshifter) (Vaults:4)
  Eustachio (D:6)
  43 large abominations
  A fire elemental (Elf:1)
  41 yaks
  2 hogs (Lair:4)
  2 hogs (shapeshifter)
  6 chaos spawn
  4 hungry ghosts
  A neqoxec (Abyss:5)
  A steam dragon (D:9)
  14 vampire mosquitoes
  5 wargs
  Edmund (D:6)
  35 nagas
  28 swamp worms
  A monstrous demonspawn zombie (Crypt:2)
  5 hell hounds
  13 insubstantial wisps
  A soldier ant (D:14)
  Duvessa (D:7)
  10 water moccasins
  6 porcupines
  4 sky beasts
  18 swamp drakes
  2 black bears (shapeshifter)
  A necrophage (D:12)
  A phantom (D:8)
  2 slaves (D:7)
  3 ice beasts
  18 ogres
  3 eyes of draining
  57 orc warriors
  7 boggarts
  3 black bears
  13 wolves
  An ogre (shapeshifter) (Vaults:1)
  A tengu (shapeshifter) (Depths:3)
  A boggart (shapeshifter) (Depths:2)
  7 crocodiles
  17 centaurs
  5 big kobolds
  17 bullfrogs
  A komodo dragon zombie (Crypt:2)
  An earth elemental (Elf:1)
  A wyvern zombie (D:14)
  20 small abominations
  2 gnoll sergeants (D:9)
  A wyvern skeleton (D:6)
  A hornet simulacrum (D:14)
  27 killer bees
  A scorpion (D:11)
  9 wights
  6 howler monkeys
  An electric eel (Lair:4)
  3 crimson imps
  27 starcursed masses
  4 centaur skeletons
  6 hounds
  10 jellies
  34 orc priests
  2 iguanas
  An iron imp (Abyss:3)
  23 orc wizards
  A bullfrog skeleton (D:6)
  8 worker ants
  A hound skeleton (D:9)
  A worker ant zombie (D:8)
  11 gnolls
  A howler monkey skeleton (D:5)
  6 adders
  4 shadow imps
  3 ufetubi
  4 worms
  5 leopard geckos
  129 orcs
  9 bats
  3 giant cockroaches
  11 goblins
  2 hobgoblins (D:1)
  11 jackals
  3 quokkas
  2 ball pythons
  2 frilled lizards (D:2)
  A goblin skeleton (Crypt:1)
  19 kobolds
  A leopard gecko zombie (D:6)
  A quokka skeleton (D:9)
  7 rats
  A crawling corpse (Vaults:5)
  A lurking horror (Abyss:5)
  A macabre mass (Abyss:4)
2211 creatures vanquished.

Vanquished Creatures (collateral kills)
  A caustic shrike (Depths:3)
  An air elemental (Elf:3)
2 creatures vanquished.

Vanquished Creatures (others)
  A storm dragon (D:14)
  2 tengu reavers
  3 deep elf sorcerers (Elf:3)
  2 deep elf elementalists (Elf:3)
  2 deep elf demonologists (Elf:3)
  3 deep elf annihilators (Elf:3)
  2 deep elf death magi (Elf:3)
  2 deep elf high priests (Elf:3)
  A catoblepas (D:14)
  2 centaur warriors
  A dancing weapon (Elf:3)
  A shock serpent (Snake:4)
  A thrashing horror (Abyss:5)
  3 deep elf knights
  An unseen horror (D:14)
  A flayed ghost (D:14)
  3 deep elf magi (Elf:3)
  A cyclops (D:14)
  A moth of wrath (Elf:3)
  An efreet (Abyss:5)
  2 slime creatures (Swamp:1)
  A hippogriff (D:14)
  A starcursed mass (Depths:1)
  An air elemental (Elf:3)
  2 water elementals (Elf:3)
  A golden eye (Abyss:5)
  A warg (Vaults:4)
  An acid dragon (D:12)
  An orc warrior (D:13)
  A centaur (shapeshifter) (Elf:3)
  An earth elemental (Elf:3)
  A small abomination (Depths:2)
  A jelly (Abyss:5)
  An orc wizard (Orc:1)
  A bush (Lair:4)
  5 fungi
  7 plants
  26 starspawn tentacles
89 creatures vanquished.

Grand Total: 2302 creatures vanquished

Notes
Turn   | Place    | Note
-------+----------+-------------------------------------------
     0 | Abyss:1  | 4thArraOfDagon the Ghoul Abyssal Knight began the quest for the Orb.
     0 | Abyss:1  | Reached XP level 1. HP: 19/19 MP: 1/1
    47 | Abyss:3  | Found a corrupted altar of Lugonu.
    73 | Abyss:3  | Reached skill level 1 in Dodging
   107 | Abyss:3  | Noticed an insubstantial wisp
   114 | Abyss:3  | Rhok: did you win that cat ?
   116 | Abyss:3  | Noticed a ynoxinul
   117 | D:1      | Escaped the Abyss
   134 | D:1      | 4thArraOfDagon: ye
   135 | D:1      | Rhok: good :)
   230 | D:1      | 4thArraOfDagon: was happy like never :)
   246 | D:1      | Sergey: can I use scroll of blink while constricted?
   260 | D:1      | Reached XP level 2. HP: 24/26 MP: 2/2
   582 | D:1      | Sergey: I just dropped to 5hp in vault:5
   586 | D:1      | Reached * piety under Lugonu
   589 | D:1      | Rhok: i dont think so
   715 | D:1      | Rhok: ah nevermind
   715 | D:1      | Sergey: thats bad
   715 | D:1      | Rhok: you can
   724 | D:1      | Sergey: sure?
   724 | D:1      | 4thArraOfDagon: it has a chance to work
   724 | D:1      | 4thArraOfDagon: but not guaranteed
   732 | D:1      | Rhok: http://crawl.chaosforge.org/Constriction at least this says that you can
   737 | D:1      | 4thArraOfDagon: any other options?
   747 | D:1      | Reached XP level 3. HP: 31/31 MP: 3/3
   805 | D:1      | Sergey: heal wounds also risky
   838 | D:2      | Rhok: fear?
   868 | D:2      | Reached skill level 3 in Unarmed Combat
   870 | D:2      | Sergey: I want ddoor
   874 | D:2      | 4thArraOfDagon: any uska ability?
   930 | D:2      | Sergey: yes
   948 | D:2      | Sergey: 1% grand final
   992 | D:2      | Rhok: then you can instakill the thing
  1001 | D:2      | Rhok: no?
  1027 | D:2      | Reached XP level 4. HP: 36/39 MP: 4/4
  1106 | D:2      | Sergey: there are many things
  1113 | D:2      | Reached ** piety under Lugonu
  1150 | D:2      | Sergey: and 2 titans
  1232 | D:3      | Sergey: so 1 airstrike is enough for me
  1278 | D:3      | Reached XP level 5. HP: 30/46 MP: 6/6
  1653 | D:4      | Noticed a sky beast
  1684 | D:4      | Killed a sky beast
  1684 | D:4      | Reached skill level 4 in Unarmed Combat
  1684 | D:4      | Reached XP level 6. HP: 30/51 MP: 7/7
  1697 | D:4      | 4thArraOfDagon: https://www.youtube.com/watch?v=5FwEf-YXJQc
  1863 | D:4      | Found a shadowy altar of Dithmenos.
  1864 | D:4      | Noticed a phantom
  1950 | D:4      | Got a polished falchion
  1976 | D:3      | Found a basalt altar of Yredelemnul.
  2021 | D:5      | Entered Level 5 of the Dungeon
  2089 | D:5      | Identified the +1 falchion of the Grey Skies {venom, rF+ rC+ Int+5} (You found it on level 4 of the Dungeon)
  2227 | D:5      | Reached skill level 5 in Unarmed Combat
  2227 | D:5      | Reached XP level 7. HP: 47/57 MP: 8/8
  2965 | D:6      | Reached *** piety under Lugonu
  3016 | D:6      | Reached skill level 5 in Fighting
  3113 | D:6      | Reached skill level 6 in Unarmed Combat
  3113 | D:6      | Reached XP level 8. HP: 38/67 MP: 10/10
  3489 | D:6      | Reached skill level 7 in Unarmed Combat
  3489 | D:6      | Reached skill level 5 in Invocations
  3502 | D:6      | Found a staircase to the Ecumenical Temple.
  3514 | D:6      | Noticed Eustachio
  3558 | D:6      | Killed Eustachio
  3684 | D:6      | Noticed Edmund
  3720 | D:6      | Killed Edmund
  3720 | D:6      | Reached XP level 9. HP: 34/73 MP: 10/12
  3789 | D:7      | Noticed a cyclops
  3843 | D:7      | HP: 2/75 [cyclops (7)]
  3844 | D:7      | Killed a cyclops
  3844 | D:7      | Reached skill level 8 in Unarmed Combat
  3884 | D:7      | Reached **** piety under Lugonu
  3894 | D:7      | Noticed Dowan
  3894 | D:7      | Noticed Duvessa
  3914 | D:7      | Killed Duvessa
  3917 | D:6      | Noticed Dowan
  3917 | D:6      | Dowan changed into Dowan the worm
  3929 | D:6      | Killed Dowan the worm
  3987 | D:7      | Reached skill level 9 in Unarmed Combat
  4017 | D:7      | Noticed Prince Ribbit
  4041 | D:6      | Killed Prince Ribbit
  4152 | D:7      | Noticed Pikel
  4164 | D:7      | Killed Pikel
  4164 | D:7      | Reached skill level 10 in Unarmed Combat
  4164 | D:7      | Reached XP level 10. HP: 76/88 MP: 14/14
  4601 | D:8      | Reached ***** piety under Lugonu
  5085 | D:9      | Found a staircase to the Orcish Mines.
  5150 | D:9      | Reached skill level 11 in Unarmed Combat
  5170 | D:9      | Reached skill level 1 in Evocations
  5488 | D:9      | Reached XP level 11. HP: 78/95 MP: 16/16
  5580 | D:10     | Entered Level 10 of the Dungeon
  5580 | D:10     | Noticed Josephine
  5755 | D:10     | Found a hide-covered altar of Uskayaw.
  5931 | D:10     | Killed Josephine
  5939 | D:10     | Reached skill level 12 in Unarmed Combat
  6136 | D:12     | Noticed a white ugly thing
  6168 | D:12     | Killed a purple ugly thing
  6253 | D:11     | Noticed Erolcha
  6516 | D:11     | Reached skill level 13 in Unarmed Combat
  6550 | D:11     | Noticed a green ugly thing
  6566 | D:11     | Killed a green ugly thing
  6583 | D:11     | Found a portal to a secret trove of treasure.
  6685 | D:11     | Found a staircase to the Lair.
  6724 | D:11     | Reached skill level 10 in Invocations
  6765 | D:11     | Reached XP level 12. HP: 76/103 MP: 18/18
  6772 | D:11     | Noticed a two-headed ogre
  6779 | D:11     | Killed a two-headed ogre
  6919 | D:13     | Noticed a centaur warrior
  6934 | D:13     | Noticed a centaur warrior
  6935 | D:13     | Banished a centaur warrior
  6939 | D:13     | Killed a centaur warrior
  6939 | D:13     | Reached skill level 14 in Unarmed Combat
  7072 | D:13     | Noticed a two-headed ogre
  7086 | D:13     | Killed a two-headed ogre
  7230 | D:13     | Noticed a two-headed ogre
  7377 | D:14     | Noticed a storm dragon
  7378 | D:14     | Corrupted D:14
  7378 | D:14     | Noticed a bone dragon
  7378 | D:14     | Noticed a thrashing horror
  7378 | D:14     | Noticed a reaper
  7378 | D:14     | Noticed a rakshasa
  7378 | D:14     | Noticed a tentacled starspawn
  7378 | D:14     | Noticed a profane servitor
  7384 | D:14     | Killed a storm dragon
  7411 | D:14     | Killed a centaur warrior
  7420 | D:14     | Killed a tengu reaver
  7450 | D:14     | Killed a catoblepas
  7619 | D:14     | Paralysed by a wizard for 5 turns
  7637 | D:14     | Noticed Frances
  7738 | D:12     | Noticed a centaur warrior
  7753 | D:12     | Killed a centaur warrior
  7757 | D:12     | Reached skill level 15 in Unarmed Combat
  7930 | Orc:1    | Entered Level 1 of the Orcish Mines
  7935 | Orc:1    | Noticed an orc high priest
  8523 | D:9      | Killed an orc high priest
  8620 | D:9      | Reached ****** piety under Lugonu
  8928 | Orc:2    | Entered Level 2 of the Orcish Mines
  9042 | Orc:2    | Reached skill level 16 in Unarmed Combat
  9079 | Orc:2    | Noticed a two-headed ogre
  9085 | Orc:2    | Killed a two-headed ogre
  9085 | Orc:2    | Reached XP level 13. HP: 85/111 MP: 20/20
  9199 | Orc:1    | Noticed Erica
  9407 | Orc:2    | Paralysed by an orc sorcerer for 7 turns
  9550 | Orc:2    | Reached skill level 17 in Unarmed Combat
  9613 | Orc:2    | Noticed an ettin
  9613 | Orc:2    | Noticed an ettin
  9621 | Orc:2    | Killed an ettin
  9624 | Orc:2    | Killed an ettin
  9663 | Orc:2    | Found a roughly hewn altar of Beogh.
  9725 | Orc:2    | Found Unealamp's Antique Weapon Emporium.
  9735 | Orc:2    | Found Jaohaaq's Assorted Antiques.
  9767 | Orc:2    | Bought a scroll of identify for 42 gold pieces
  9767 | Orc:2    | Bought a scroll of identify for 42 gold pieces
  9767 | Orc:2    | Bought a fuming black potion for 18 gold pieces
  9767 | Orc:2    | Bought a scroll labeled DUSOSIBBOEKA for 21 gold pieces
  9767 | Orc:2    | Bought a scroll of identify for 42 gold pieces
 10024 | Orc:2    | Reached skill level 18 in Unarmed Combat
 10064 | Orc:2    | Found a staircase to the Elven Halls.
 10213 | Orc:2    | Sergey: !hs * GhAk
 10216 | Orc:2    | beem: 7112. MorganLeah the Middleweight Champion (L27 GhAK of Lugonu), escaped with the Orb and 15 runes on 2015-03-14 09:12:20, with 18546515 points after 82550 turns and 5:38:40.
 10288 | Orc:2    | Noticed an orc warlord
 10336 | Orc:2    | Killed an orc warlord
 10452 | Orc:2    | Found a roughly hewn altar of Beogh.
 10589 | Orc:2    | Found Ulabee's Antique Armour Shoppe.
 10711 | Orc:2    | Reached XP level 14. HP: 117/118 MP: 21/21
 10783 | Orc:2    | Found Xiupox's Distillery.
 10798 | Orc:2    | Bought a potion of flight for 42 gold pieces
 10798 | Orc:2    | Bought a potion of curing for 42 gold pieces
 10798 | Orc:2    | Bought a potion of agility for 56 gold pieces
 10798 | Orc:2    | Bought a potion of curing for 42 gold pieces
 10798 | Orc:2    | Bought a potion of heal wounds for 70 gold pieces
 10798 | Orc:2    | Bought a potion of curing for 42 gold pieces
 10798 | Orc:2    | Bought a potion of cancellation for 112 gold pieces
 10798 | Orc:2    | Bought a potion of magic for 112 gold pieces
 10969 | Lair:1   | Entered Level 1 of the Lair of Beasts
 11047 | Lair:1   | Reached skill level 5 in Armour
 11075 | Lair:1   | Reached skill level 19 in Unarmed Combat
 11515 | Lair:2   | jacquesderrida: ejjjjjjj dagarn
 11527 | Lair:2   | Noticed Nergalle
 11547 | Lair:2   | Killed Nergalle
 11613 | Lair:2   | 4thArraOfDagon: eyyyy
 11724 | Lair:3   | jacquesderrida: DAGAR
 11806 | Lair:3   | Got a shimmering lajatang
 11815 | Lair:3   | Found a labyrinth entrance.
 11819 | Lab      | Entered a labyrinth
 11820 | Lab      | 4thArraOfDagon: let's go!
 11829 | Lab      | 4thArraOfDagon: https://www.youtube.com/watch?v=m-XLhPb0YAQ
 11975 | Lab      | Identified the Incunabulum of Moulding and Calling
 11978 | Lab      | Identified the cursed +0 lajatang of Wu Jian's Regard {slice, rN+ Stlth+} (You found it on level 3 of the Lair of Beasts)
 11988 | Lab      | Learned a level 2 spell: Swiftness
 12496 | Lair:4   | Found a staircase to the Snake Pit.
 12502 | Lair:4   | jacquesderrida: dayum son
 12545 | Lair:4   | 4thArraOfDagon: end dis: https://www.youtube.com/watch?v=5FwEf-YXJQc
 12568 | Lair:4   | Reached skill level 20 in Unarmed Combat
 12572 | Lair:4   | 4thArraOfDagon: very phat beats
 12603 | Lair:4   | Identified a scroll of acquirement
 12649 | Lair:4   | Rhok: it's the song of the day :D
 12809 | Lair:4   | Found a staircase to the Swamp.
 12863 | Lair:5   | Noticed Kirke
 12870 | Lair:4   | 4thArraOfDagon: xd
 12922 | Lair:5   | Found a frozen archway.
 12929 | IceCv    | Entered an ice cave
 13034 | IceCv    | Reached XP level 15. HP: 101/124 MP: 22/22
 13244 | IceCv    | Noticed a frost giant
 13256 | IceCv    | Killed a frost giant
 13468 | Lair:6   | Entered Level 6 of the Lair of Beasts
 13525 | Lair:5   | Noticed a sphinx
 13528 | Lair:5   | Noticed a sphinx
 13533 | Lair:5   | Killed Kirke
 13548 | Lair:5   | Found a viscous altar of Jiyva.
 13549 | Lair:5   | Found a staircase to the Slime Pits.
 13609 | Lair:5   | You fall through a shaft!
 13750 | Lair:6   | Learned a level 3 spell: Regeneration
 13755 | Lair:6   | Learned a level 4 spell: Control Undead
 13936 | Lair:6   | Reached skill level 21 in Unarmed Combat
 14941 | D:14     | Found Ukolai Core's Gadget Shop.
 14969 | D:15     | Entered Level 15 of the Dungeon
 14972 | D:15     | jacquesderrida: dan son
 15035 | D:15     | Noticed Rupert
 15218 | D:15     | Found a burning altar of Makhleb.
 15256 | D:15     | Found Weuph's Antique Weapon Shop.
 15268 | D:15     | Rhok: Oo
 15274 | D:15     | jacquesderrida: Trage
 15277 | D:15     | Rhok: what was that
 15314 | D:15     | Rhok: antimagic +8 thingy
 15314 | D:15     | jacquesderrida: Tragar
 15342 | D:15     | jacquesderrida: ??wrath of trog
 15343 | D:15     | beem: wrath of trog[1/1]: A +8 antimagic battleaxe, makes you go berserk (50% of the time!) when you attack. Not to be confused with {trog wrath}, a far more terrifying phenomenon. Trog won't ever gift it (but Okawaru can).
 15355 | D:15     | Rhok: ah
 15364 | D:15     | Noticed Nessos
 15370 | D:15     | Killed Nessos
 15371 | D:15     | Rhok: wow
 15381 | D:15     | Rhok: risky
 15425 | D:15     | Mulzaro: so bad weapon :D
 15432 | D:15     | jacquesderrida: Underdesigned tbh
 15452 | D:15     | Paralysed by Rupert for 5 turns
 15452 | D:15     | jacquesderrida: Someone added it without much thought like 5 years ago and instantly forgot about it
 15458 | D:15     | jacquesderrida: shame tbh fam etc
 15458 | D:15     | Killed Rupert
 15480 | D:15     | jacquesderrida: Could be gud
 15511 | D:15     | Rhok: ??berserkeritis
 15513 | D:15     | beem: I don't have a page labeled berserkeritis in my learndb. Did you mean: berserkitis, berserk, berserker.
 15521 | D:15     | Rhok: ??berserkitis
 15522 | D:15     | beem: berserk[8/10]: There is also a mutation (called "berserk" by crawl, described as you "lose your temper in combat"; plus "makes you angry" on artifacts) that causes you to go berserk sometimes after melee attacks. The chance varies with the mutation level (1, 3, 9%), and the chance of passing out decreases.
 15654 | D:15     | Rhok: its just shit, that wpn
 15671 | D:15     | Rhok: 50% complete madness
 15681 | D:15     | Reached XP level 16. HP: 87/132 MP: 23/23
 15697 | D:15     | Mulzaro: Yeah and it's just a freaking +8 battleaxe :D
 15718 | D:15     | Learned a level 1 spell: Apportation
 15747 | D:15     | Rhok: ye no shield >.<
 15748 | D:15     | Found a staircase to the Depths.
 15749 | D:15     | jacquesderrida: It needs to emulate trog's berserk state at the very least to be desirable
 15758 | D:15     | Reached skill level 22 in Unarmed Combat
 15800 | D:15     | Rhok: i think it's just a noob trap
 15819 | D:15     | Mulzaro: or extend the default duration
 15968 | Elf:1    | Entered Level 1 of the Elven Halls
 15992 | Elf:1    | Rhok: ye thatd be cool
 15996 | Elf:1    | Mulzaro: though it's still crap
 16006 | Elf:1    | Mulzaro: random berserk just doesnt work
 16038 | Elf:1    | Cast into level 2 of the Abyss (a deep elf sorcerer)
 16039 | Abyss:2  | Rhok: normal random berserk is 1-3-9%, 1 and 3 are reasonable
 16042 | Abyss:2  | jacquesderrida: Trap implies that someone put some thought into it
 16051 | Elf:1    | Escaped the Abyss
 16052 | Elf:1    | Mulzaro: ABYSS BOIS
 16052 | Elf:1    | Rhok: 50% is just badly designed
 16055 | Elf:1    | Rhok: as someone said :D
 16056 | Elf:1    | Mulzaro: lol
 16067 | Elf:1    | Rhok: O_o taht abyss
 16080 | Elf:2    | Mulzaro: I forgot you worship Lugonu
 16084 | Elf:2    | Reached skill level 10 in Armour
 16127 | Elf:2    | jacquesderrida: People don't care about the axe, I've pointed to a few devs its pitiful existence but to no avail...
 16129 | Elf:2    | Found Guva's Jewellery Boutique.
 16144 | Elf:2    | jacquesderrida: Gotta axe it...
 16149 | Elf:2    | Bought an uncursed amulet of regeneration for 540 gold pieces
 16159 | Elf:1    | Rhok: i think itsatrap.jpg
 16200 | Elf:1    | Rhok: cause the 50% vs 9-3-1 % is just too sneaky
 16211 | Elf:1    | jacquesderrida: It's also a relic from the times when berserk was a 3rd level spell
 16218 | Elf:1    | jacquesderrida: So...
 16223 | Elf:1    | Rhok: it is?
 16223 | Elf:1    | jacquesderrida: Yesh, it's old
 16223 | Elf:1    | Mulzaro: They have tried to get rid of useless stuff for the past 3 years though
 16223 | Elf:1    | Rhok: like pizza ? >.<
 16223 | Elf:1    | Mulzaro: lol
 16223 | Elf:1    | Mulzaro: rip pizza
 16223 | Elf:1    | Rhok: ;_;
 16240 | Elf:1    | jacquesderrida: That snozzcumber tasted truly putrid!
 16243 | Elf:1    | Mulzaro: Goddamnit Rhok, I didnt even notice pizza was gone until you mentioned it
 16263 | Elf:1    | Reached skill level 5 in Dodging
 16282 | Elf:1    | jacquesderrida: Dam, the fabled pandemonium pizza...
 16282 | Elf:1    | jacquesderrida: !pizza for mans
 16282 | Elf:1    | beem: *beem* cooks up a stack of olive pizza for for mans, courtesy of jacquesderrida.
 16282 | Elf:1    | jacquesderrida: Thank
 16403 | Elf:2    | Rhok: ye mulzaro ;_;
 16403 | Elf:2    | Rhok: pizza is gone
 16405 | Elf:3    | Entered Level 3 of the Elven Halls
 16405 | Elf:3    | jacquesderrida: I wonder what else's been axed in the past year
 16406 | Elf:3    | Rhok: and will never come back
 16410 | Elf:2    | Rhok: they said it's """"unnecessary"""
 16416 | Elf:2    | Rhok: :(
 16418 | Elf:3    | jacquesderrida: wew
 16457 | Elf:3    | Noticed a deep elf blademaster
 16459 | Elf:3    | jacquesderrida: dpeg taking our pizzas
 16460 | Elf:3    | pedritolo: fuck'em!
 16460 | Elf:3    | jacquesderrida: smh
 16460 | Elf:3    | Corrupted Elf:3
 16460 | Elf:3    | Noticed a tentacled starspawn
 16460 | Elf:3    | Noticed a tentacled starspawn
 16463 | Elf:3    | pedritolo: there we go
 16524 | Elf:3    | Killed a deep elf blademaster
 16561 | Elf:3    | Killed Nikola
 16609 | Elf:3    | Mulzaro: Pizza actually had a place in the game
 16619 | Elf:3    | Noticed an Ice Fiend
 16620 | Elf:3    | Reached skill level 10 in Fighting
 16631 | Elf:3    | Mulzaro: it was the only food both carnivores and herbivored could eat, no?
 16668 | Elf:3    | Rhok: ??pizza
 16668 | Elf:3    | beem: food[1/3]: Goes in mouth/beak. Without carnivore or herbivore: Meat is 5000 nutrition. Bread is 4400 nutrition. Royal jelly is 2000 nutrition. A chunk is 1000 nutrition. Fruit is 850. Beef jerky/pizza is 1500.
 16684 | Elf:3    | Noticed the ghostly Nikola
 16687 | Elf:3    | Rhok: mmm
 16687 | Elf:3    | https://www.youtube.com/watch?v=5FwEf-YXJQc
 16687 | Elf:3    | 
 16561 | Elf:3    | Killed Nikola
 16687 | Elf:3    | WTF
 16708 | Elf:3    | pedritolo: ghostly nikola
 16710 | Elf:3    | bbs
 16723 | Elf:3    | Noticed a deep elf blademaster
 16739 | Elf:3    | Killed a deep elf blademaster
 16892 | Elf:3    | Noticed a deep elf master archer
 16917 | Elf:3    | Killed a deep elf master archer
 16959 | Elf:3    | Noticed a deep elf master archer
 16977 | Elf:3    | Killed a deep elf master archer
 16997 | Elf:3    | Found the +8 mithril axe "Arga" {speed, MR+}
 17073 | Elf:3    | Killed the ghostly Nikola
 17077 | Elf:3    | Upgraded the game from 0.21-a0-352-g5b8f553 to 0.21-a0-356-g45b0a09
 17249 | Elf:3    | Noticed Donald
 17249 | Elf:3    | Noticed Mara
 17269 | Elf:3    | Killed Donald
 17306 | Elf:3    | Learned a level 2 spell: Blink
 17311 | Elf:3    | Learned a level 3 spell: Lesser Beckoning
 17471 | Elf:3    | Reached skill level 1 in Translocations
 17528 | Elf:2    | Reached skill level 1 in Spellcasting
 17587 | Elf:2    | Found a runed gate.
 17587 | Elf:2    | Found a runed gate.
 17607 | Elf:2    | Reached XP level 17. HP: 136/144 MP: 24/24
 18584 | Snake:1  | Entered Level 1 of the Snake Pit
 18662 | Snake:1  | Noticed nht's ghost (journeyman MiHu)
 18695 | Snake:1  | Killed nht's ghost
 18768 | Snake:1  | Reached skill level 1 in Shields
 18967 | Snake:1  | Learned a level 4 spell: Passage of Golubria
 19143 | Snake:2  | Found a blossoming altar of Fedhas.
 19428 | Snake:3  | Reached skill level 5 in Translocations
 19730 | Snake:3  | Found a shattered altar of Ashenzari.
 19842 | Snake:2  | Found a transporter.
 19860 | Snake:2  | Found a transporter.
 19860 | Snake:2  | Found a radiant altar of Vehumet.
 20239 | Snake:2  | Reached XP level 18. HP: 67/154 MP: 23/25
 20443 | Snake:4  | Entered Level 4 of the Snake Pit
 20596 | Snake:4  | Learned a level 2 spell: Song of Slaying
 20623 | Snake:4  | Reached skill level 5 in Shields
 21629 | Snake:4  | HP: 4/155 [nagaraja/spear (17)]
 21747 | Snake:4  | Reached skill level 5 in Spellcasting
 22013 | Snake:4  | Got a serpentine rune of Zot
 22229 | Snake:4  | Reached XP level 19. HP: 134/162 MP: 26/26
 22618 | Snake:2  | Learned a level 5 spell: Lee's Rapid Deconstruction
 22621 | Snake:2  | Learned a level 2 spell: Passwall
 22640 | Snake:2  | Identified the +2 robe "Ihiman Motit" {rC++} (You took it off a naga mage on level 2 of the Snake Pit)
 22873 | D:11     | You paid a toll of 2 scrolls of acquirement to enter a treasure trove
 22874 | Trove    | Entered a treasure trove
 22878 | Trove    | :(
 23070 | Swamp:1  | Entered Level 1 of the Swamp
 23206 | Swamp:1  | Got a pitted emerald amulet
 23269 | Swamp:1  | Reached skill level 1 in Earth Magic
 23404 | Swamp:1  | Identified the amulet "Dothoph" {Harm *Drain rPois Str-2 Int+5} (You found it on level 1 of the Swamp)
 23902 | Swamp:2  | Noticed p0werm0de's ghost (journeyman GnEE)
 23915 | Swamp:2  | Killed p0werm0de's ghost
 23983 | Swamp:3  | Reached skill level 5 in Earth Magic
 24540 | Swamp:4  | Entered Level 4 of the Swamp
 25106 | Swamp:4  | Reached XP level 20. HP: 137/171 MP: 29/29
 25314 | Swamp:4  | Got a decaying rune of Zot
 25504 | Slime:1  | Entered Level 1 of the Pits of Slime
 25536 | Lair:5   | Reached skill level 10 in Earth Magic
 25864 | D:13     | Found a gate to the Vaults.
 25885 | D:13     | HP: 3/170 [vault guard/enchanted glaive (24)]
 26186 | Vaults:1 | Entered Level 1 of the Vaults
 26488 | Vaults:1 | Found Ynlery's General Store.
 26496 | Vaults:1 | Bought a scroll of magic mapping for 63 gold pieces
 26887 | Vaults:1 | Reached skill level 10 in Shields
 27534 | Vaults:2 | Reached XP level 21. HP: 167/177 MP: 32/32
 27873 | Vaults:3 | Found a staircase to the Crypt.
 27876 | Crypt:1  | Entered Level 1 of the Crypt
 28502 | Vaults:3 | Noticed Velros's ghost (adept OgWz)
 28667 | Vaults:3 | Reached skill level 1 in Necromancy
 28700 | Vaults:3 | Reached skill level 1 in Charms
 29111 | Temple   | Entered the Ecumenical Temple
 29134 | Temple   | Fell from the grace of Lugonu
 29134 | Temple   | Became a worshipper of Makhleb the Destroyer
 29340 | Depths:1 | Entered Level 1 of the Depths
 29371 | Depths:1 | Found Xuta Zud's Gadget Shop.
 29409 | Depths:1 | Found Rumed's Antique Armour Shop.
 29409 | Depths:1 | Found Emimoc's Antique Armour Boutique.
 29414 | Depths:1 | Found Viweg's Antique Armour Boutique.
 29426 | Depths:1 | Bought a dazzling cloak for 342 gold pieces
 29436 | Depths:1 | Identified the cursed -1 cloak "Haga Woc" {-Tele rN+ MR+++ Stlth-} (You bought it in a shop on level 1 of the Depths)
 29551 | Depths:1 | Cast into level 3 of the Abyss (Lugonu's touch)
 29559 | Abyss:3  | Found a deep blue altar of Sif Muna.
 29615 | Abyss:3  | Identified the Volume of the Snowflakes
 29616 | Abyss:3  | Identified Ofeyd's Reference Book on Dusty Transformation
 29619 | Abyss:3  | Found a corrupted altar of Lugonu.
 29660 | Abyss:3  | Reached * piety under Makhleb
 29958 | Abyss:3  | Reached ** piety under Makhleb
 29960 | Depths:1 | Escaped the Abyss
 30141 | Depths:1 | Reached XP level 22. HP: 174/185 MP: 33/33
 30204 | Depths:1 | Cast into level 4 of the Abyss (Lugonu's touch)
 30218 | Abyss:5  | Entered Level 5 of the Abyss
 30218 | Abyss:5  | Found a corrupted altar of Lugonu.
 30361 | Abyss:5  | Reached skill level 5 in Necromancy
 30525 | Abyss:5  | Reached skill level 5 in Charms
 30536 | Abyss:5  | Reached *** piety under Makhleb
 30550 | Depths:1 | Escaped the Abyss
 30667 | Depths:1 | Found a gateway to Hell.
 30864 | Depths:1 | Cast into level 5 of the Abyss (Lugonu's touch)
 30864 | Abyss:5  | Entered Level 5 of the Abyss
 31069 | Depths:1 | Escaped the Abyss
 31095 | Depths:1 | Reached **** piety under Makhleb
 31260 | Depths:2 | Paralysed by a great orb of eyes for 4 turns
 31271 | Depths:2 | Paralysed by a great orb of eyes for 7 turns
 31357 | Depths:2 | Found a one-way gate to the infinite horrors of the Abyss.
 31376 | Depths:2 | Noticed a caustic shrike
 31403 | Depths:2 | Killed a caustic shrike
 31638 | Depths:2 | Noticed a golden dragon
 31655 | Depths:2 | Killed a golden dragon
 31671 | Depths:2 | Noticed a caustic shrike
 31681 | Depths:2 | Killed a caustic shrike
 31713 | Depths:2 | Reached ***** piety under Makhleb
 32074 | Depths:2 | Reached XP level 23. HP: 192/192 MP: 34/34
 32241 | Depths:2 | Paralysed by a sphinx for 5 turns
 32253 | Depths:2 | Paralysed by a sphinx for 7 turns
 32298 | Depths:2 | Reached skill level 15 in Shields
 32383 | Depths:2 | Identified the +1 ring mail "Bebaef" {Int+5 Dex-5} (You took it off a rakshasa on level 2 of the Depths)
 32452 | Depths:2 | Identified Abousmoc's Incunabulum of the Thoughtful Stories
 32963 | Depths:3 | Noticed Louise
 32967 | Depths:3 | Killed Louise
 33040 | Depths:3 | Reached ****** piety under Makhleb
 33057 | Depths:3 | Reached skill level 10 in Dodging
 33206 | Depths:3 | Noticed a caustic shrike
 33245 | Depths:3 | Killed a caustic shrike
 33524 | Depths:3 | Reached XP level 24. HP: 204/204 MP: 34/34
 33665 | Depths:3 | Found a one-way gate leading to the halls of Pandemonium.
 34006 | Depths:3 | Noticed a caustic shrike
 34008 | Depths:3 | Noticed a caustic shrike
 34008 | Depths:3 | Noticed a caustic shrike
 34032 | Depths:4 | Killed a caustic shrike
 34072 | Depths:3 | Killed a caustic shrike
 34074 | Depths:3 | Killed a caustic shrike
 34135 | Depths:4 | Found Puptuo Sahi's Magic Scroll Shoppe.
 34277 | Depths:4 | Bought a scroll of enchant armour for 135 gold pieces
 34277 | Depths:4 | Bought a scroll of teleportation for 54 gold pieces
 34277 | Depths:4 | Bought a scroll of teleportation for 54 gold pieces
 34277 | Depths:4 | Bought a scroll of identify for 36 gold pieces
 34277 | Depths:4 | Bought a scroll of identify for 36 gold pieces
 34346 | Depths:4 | Found a gateway to a ziggurat.
 34371 | Depths:4 | Paralysed by a vampire knight for 2 turns
 34600 | Depths:4 | Reached skill level 15 in Fighting
 34768 | Depths:5 | Entered Level 5 of the Depths
 34820 | Depths:4 | Sergey: how many rynes do you have?
 34820 | Depths:4 | p0werm0de: sup
 34820 | Depths:4 | 4thArraOfDagon: hey
 34820 | Depths:4 | 4thArraOfDagon: just 3
 34820 | Depths:4 | Sergey: runes
 34820 | Depths:4 | p0werm0de: ??how meny runes
 34820 | Depths:4 | beem: how meny runes ~ how many runes[1/1]: Some particularly cocky adventurers brag about having retrieved ten or even fifteen runes through their strength and cunning, but most scholars on the subject of Zot agree that such a thing is probably impossible in the first place, and secondly would be a meaningless achievement in any regard.
 34820 | Depths:4 | p0werm0de: ;D
 34820 | Depths:4 | 4thArraOfDagon: oh, sorry 2!
 34834 | Depths:4 | p0werm0de: did ya see insane yermak score arra
 34852 | Depths:4 | p0werm0de: !hs * gnwn -log
 34854 | Depths:5 | beem: 5027. Yermak, XL27 GnWn, T:24599: http://crawl.xtahua.com/crawl/morgue/Yermak/morgue-Yermak-20171010-105753.txt
 34923 | Depths:5 | 4thArraOfDagon: ah, yes
 34923 | Depths:5 | p0werm0de: his best game
 34923 | Depths:5 | 4thArraOfDagon: nice one
 34923 | Depths:5 | p0werm0de: ye
 34923 | Depths:5 | 4thArraOfDagon: but sadly only proves how powerfull gnolls are
 34923 | Depths:5 | p0werm0de: yep ;D
 34923 | Depths:5 | p0werm0de: indeed
 34923 | Depths:5 | p0werm0de: well im sure they b changed again
 34923 | Depths:5 | 4thArraOfDagon: with chei you can cast statue form by level 8
 34923 | Depths:5 | p0werm0de: cant b serious about this imo
 34923 | Depths:5 | p0werm0de: early game also is just too easy
 34923 | Depths:5 | 4thArraOfDagon: yea
 34923 | Depths:5 | 4thArraOfDagon: and mid game is inexistant with statue form
 34923 | Depths:5 | 4thArraOfDagon: but this applies to all races, the problem is statue form :)
 34923 | Depths:5 | p0werm0de: probably yea
 34928 | Depths:5 | 4thArraOfDagon: there is a guy
 34928 | Depths:5 | 4thArraOfDagon: nabuhodonozar
 34928 | Depths:5 | p0werm0de: they pushed it in that direction tho, with removal of healing etc
 34928 | Depths:5 | 4thArraOfDagon: who tries trolls with oka all the time
 34928 | Depths:5 | p0werm0de: it just got better
 34928 | Depths:5 | 4thArraOfDagon: I have checked all his games - all statue form users and all 15 runes
 34928 | Depths:5 | p0werm0de: ye i know him
 34928 | Depths:5 | 4thArraOfDagon: with streaks
 34928 | Depths:5 | p0werm0de: he plays super careful
 34928 | Depths:5 | 4thArraOfDagon: yea and chooses safest combos possible I think
 34928 | Depths:5 | p0werm0de: ye
 34928 | Depths:5 | p0werm0de: !hs * trsk
 34928 | Depths:5 | beem: 1245. Nebukadnezar the Wrestler (L27 TrSk of Okawaru), escaped with the Orb and 15 runes on 2017-08-03 16:59:57, with 20203258 points after 75820 turns and 15:21:52.
 34931 | Depths:5 | p0werm0de: lesz tried to take this
 34932 | Depths:5 | p0werm0de: ;D
 34932 | Depths:5 | 4thArraOfDagon: :)
 34932 | Depths:5 | p0werm0de: your turn haha
 34932 | Depths:5 | 4thArraOfDagon: let's go!
 34969 | Depths:5 | p0werm0de: get ALL tr hs
 35014 | Depths:5 | Sergey: wow, 7kk average score
 35085 | Depths:5 | Found a hazy altar of Hepliaklqana.
 35164 | Depths:5 | 4thArraOfDagon: I would have to get back to old versions to beat charly's
 35164 | Depths:5 | 4thArraOfDagon: which is tedious :(
 35466 | Depths:5 | Sergey: how do you think how many turn do you need to get 15 runes if there were no monsters?
 35511 | Depths:5 | Sergey: so what is theoretical best turncount?
 35511 | Depths:5 | 4thArraOfDagon: around 15k
 35511 | Depths:5 | 4thArraOfDagon: which gives you 99milion points
 35517 | Depths:5 | Sergey: !hs *
 35543 | Depths:5 | beem: 7896114. Charly the Wrestler (L27 VSMo of Cheibriados), escaped with the Orb and 15 runes on 2017-07-10 02:14:41, with 80214242 points after 17823 turns and 7:17:12.
 35551 | Depths:5 | Found a gate to the Realm of Zot.
 35571 | Depths:5 | 4thArraOfDagon: and the best shot would be spriggan
 35571 | Depths:5 | 4thArraOfDagon: with best items/spells right away
 35706 | Depths:5 | Sergey: !hs * Sp--
 35719 | Depths:5 | beem: 344105. Yermak the Ninja (L22 SpEn of Dithmenos), escaped with the Orb and 15 runes on 2014-04-10 18:12:53, with 54334266 points after 26400 turns and 8:45:17.
 35721 | Depths:5 | Reached skill level 23 in Unarmed Combat
 36217 | D:14     | Killed Frances
 36265 | Vaults:1 | p0werm0de: pedritolo is trying it in 0.16 atm
 36293 | Vaults:1 | p0werm0de: to take Sp species score at least
 36347 | Vaults:2 | Sergey: I seen he got first rune on ~5th lvl
 36354 | Vaults:2 | 4thArraOfDagon: any serious attempts?
 36381 | Vaults:2 | p0werm0de: not far lately
 36421 | Vaults:2 | Reached skill level 15 in Armour
 36430 | Vaults:2 | Sergey: no,thats wrong
 36492 | Vaults:3 | p0werm0de: maybe i missed sth
 36533 | Vaults:3 | Sergey: he has Most Pacific Wins
 36535 | Vaults:3 | p0werm0de: i saw one game where he quit in slime
 36570 | Vaults:3 | Paralysed by an ogre mage for 6 turns
 36661 | Vaults:3 | p0werm0de: ye pedritolo can do that probably
 36665 | Vaults:3 | p0werm0de: if he gets required luck
 36670 | Vaults:3 | Reached XP level 25. HP: 167/213 MP: 34/34
 36769 | Vaults:4 | p0werm0de: !hs * sp--
 36773 | Vaults:4 | beem: 344105. Yermak the Ninja (L22 SpEn of Dithmenos), escaped with the Orb and 15 runes on 2014-04-10 18:12:53, with 54334266 points after 26400 turns and 8:45:17.
 36778 | Vaults:4 | Noticed Frederick
 36798 | Vaults:4 | Killed Frederick
 36812 | Vaults:4 | Was forgiven by Lugonu
 36813 | Vaults:4 | Cast into level 4 of the Abyss (Lugonu's touch)
 37021 | Vaults:4 | Escaped the Abyss
 37661 | Vaults:5 | Entered Level 5 of the Vaults
 37661 | Vaults:5 | Noticed an ancient lich
 37672 | Vaults:5 | Killed an ancient lich
 37721 | Vaults:5 | Reached skill level 24 in Unarmed Combat
 37798 | Vaults:5 | Noticed an ancient lich
 37820 | Vaults:5 | Killed an ancient lich
 38205 | Vaults:5 | Reached XP level 26. HP: 225/225 MP: 34/34
 38288 | Vaults:5 | Identified the +5 ring mail of Cocytus {rF+ Int-5 Dex+4} (You took it off a vault warden on level 5 of the Vaults)
 38572 | Vaults:5 | Got a silver rune of Zot
 38725 | Vaults:5 | Reached skill level 25 in Unarmed Combat
 38830 | Vaults:5 | Identified the +11 battleaxe "Alyott" {freeze, rN+ Str-3 Int+3 SInv} (You took it off an entropy weaver on level 5 of the Vaults)
 38837 | Vaults:5 | Identified the ring of Equivalence {rPois rF+ rN+ Int-4 Dex+6} (You took it off a yaktaur captain on level 5 of the Vaults)
 39358 | Pan      | Entered Pandemonium
 39517 | Pan      | Noticed Faluerizxe the pandemonium lord
 39670 | Pan      | Noticed a seraph
 39672 | Pan      | Got a demonic rune of Zot
 39683 | Depths:3 | Escaped Pandemonium
 39686 | Pan      | Entered Pandemonium
 39745 | Pan      | Noticed Lygoq the pandemonium lord
 40145 | Pan      | Noticed Zosi the pandemonium lord
 40174 | Pan      | Killed from afar by Zosi the pandemonium lord

Vault maps used:
D:1:      minmay_arrival_loop, serial_glass, glass_columns_a, glass_columns_c,
          glass_columns_c, glass_columns_a, glass_columns_a, glass_columns_a,
          glass_columns_a, glass_columns_a, glass_columns_a, glass_columns_a,
          minivault_11
D:2:      first_bread
D:3:      nicolae_overflow_hidden_temple
D:4:      grunt_dithmenos_smoke_and_mirrors
D:5:      kennysheep_steamy
D:6:      kennysheep_spiral_hall, minmay_temple_entry_purple_smoke, uniq_edmund,
          uniq_eustachio
D:7:      uniq_duvessa, uniq_pikel, uniq_prince_ribbit1
D:9:      kennysheep_orc_monster_closet_entryway
D:10:     basic_altar, uniq_josephine
D:11:     grunt_lair_entry_orc_guard_hut, nicolae_trove_entry_crossroad,
          uniq_erolcha
D:13:     grunt_vaults_entry_fortified
D:14:     thingy_vault, serial_shops, kennysheep_mini, patterned_corridor,
          uniq_frances
D:15:     grunt_enter_depths_snipers, serial_shops, shop, spider_trap,
          makhleb_altar_promises_db, uniq_nessos, uniq_rupert
Temple:   grunt_wide_crystal_templ
Lair:1:   special_room
Lair:2:   uniq_nergalle
Lair:3:   lab_entry_generic, st_stairs_10
Lair:4:   swamp_mist_pool, guppyfry_snake_entry_island,
          small_statue_intersection, serial_bayou_shore_b,
          infiniplex_staircase_pool, lemuel_fruit_tree
Lair:5:   dpeg_slime_entry_enclosed_altar, portal_ice_cave_entry_pillars_1,
          uniq_kirke
Lair:6:   evilmike_catoblepas_cave
Swamp:1:  nicolae_swamp_dense_foliage, swamp_pool1
Swamp:2:  evilmike_swamp_ruin_house_2, swamp_pool5
Swamp:3:  evilmike_swamp_ruin_house_3, swamp_pool4, nicolae_swamp_baby_hydras
Swamp:4:  swamp_basic_johnstein
Snake:2:  gammafunk_sealed_library, basic_altar
Snake:3:  basic_altar
Snake:4:  snake_pit_salamanders_mu
Orc:1:    mumra_transporter_accident, uniq_erica
Orc:2:    pubby_orc_utopia
Elf:1:    elf_arrival_001
Elf:2:    serial_shops, shop
Elf:3:    grunt_elf_hall_spiral, uniq_nikola, uniq_donald, uniq_mara
Vaults:1: nicolae_vaults_three_branches, ontoclasm_vaults_shuriken,
          ontoclasm_vaults_ring_large, ontoclasm_vaults_fault,
          vaults_room_hallway, v_alt_pattern_6, hangedman_vaults_cutoff,
          v_rooms_1, v_rooms_3, vaults_mumra_lcd, v_alt_pattern_6,
          vaults_dpeg_ring, ontoclasm_vaults_decontamination, serial_shops,
          nicolae_shop_stone, shop
Vaults:2: nicolae_vaults_disjoint_gnomons, hangedman_vaults_slice,
          ontoclasm_vaults_twist, ontoclasm_vaults_pinch, grunt_vaults_funnel,
          vaults_standard_mumra_lines, nicolae_vaults_big_ls, v_misc_17,
          hangedman_vaults_nodes, ontoclasm_vaults_ring_square, v_misc_8,
          v_misc_13, nicolae_vaults_little_squares_6, nicolae_vaults_rhombus_5,
          vaults_room_pool, v_misc_22
Vaults:3: ontoclasm_vaults_chip, ontoclasm_vaults_eye,
          minmay_crypt_entry_simple_box, nicolae_vaults_hallways_thing,
          grunt_vaults_trifunnel, hangedman_vaults_stream, grunt_vaults_swirl,
          v_misc_14, st_quartered_hall, ontoclasm_vaults_gateway,
          v_alt_pattern_3, dpeg_vaults_monster_box, serial_shops, shop,
          uniq_mennas
Vaults:4: vaults_room_octagon, v_misc_15, v_pattern_2,
          nicolae_vaults_network_barrier, vaults_dpeg_doors,
          vaults_mumra_minichess, nicolae_vaults_network_quinsquares, v_misc_5,
          nicolae_vaults_little_squares_1, vaults_dpeg_hooks, uniq_frederick
Vaults:5: serial_shops
Crypt:1:  minmay_misc_feat_rows, nicolae_crypt_little_mausoleum
Crypt:2:  gammafunk_its_a_trap, roderic_lattice_octagonal_star
Depths:1: grunt_hell_entry_dis_old, serial_bayou_pond_d,
          kennysheep_generic_room_16, minmay_shoptagon, serial_bayou_shore_b
Depths:2: hangedman_pleasuredromes, abyss_entry, hell_entry
Depths:3: minmay_the_grid_square_5x5_4x4,
          nicolae_abyss_entry_one_way_or_another, nrook_mini_vaults, pan_entry,
          hell_entry, hex_tiny
Depths:4: minmay_open_boxes_in_corner, enter_ziggurat_b, abyss_entry,
          grunt_hell_horde, serial_shops, shop, nicolae_water_bricks
Depths:5: grunt_zot_entry_bicorn, lemuel_crystal_altar, hell_entry
Abyss:1:  small_statue_intersection
Abyss:3:  minivault_13, minivault_1, hangedman_abyss_or_decor_lesser_grid,
          hangedman_abyss_lost_library
Abyss:4:  nicolae_abyss_rune_star_stuff, hangedman_abyss_or_decor_stabs,
          hangedman_abyss_rune_macabre_mess
Abyss:5:  due_exit_kobolds, doesnt_abyss_rune_brain_food,
          grunt_abyss_exit_deep_breaths, evilmike_abyss_exit_5, minivault_28,
          grunt_abyss_rune_forest_and_sorcery, evilmike_abyss_exit_12,
          small_statue_intersection
Pan:      nicolae_pan_double_arrow, grunt_pan_zigzag, nicolae_pan_mnolegish_5,
          evilmike_holy_pan, rand_demon_5, pan_blood_fountain_small,
          rand_demon_5, pan_blood_fountain_small, evilmike_mini_pan_corner,
          nicolae_pan_diamonds, pan_blood_fountain
Lab:      labyrinth_hidden_loot, labyrinth_skeletal_remains,
          nicolae_lab_starburst, lab_fountain, nicolae_lab_plus,
          nicolae_lab_dead_end, labyrinth_glass_1
Trove:    trove_misc_throne_room
IceCv:    ice_cave_small_giant

Skill      XL: |  1  2  3  4  5  6  7  8  9 10 11 12 13 14 15 16 17 18 19 20 21 22 23 24 25 26 |
---------------+-------------------------------------------------------------------------------+-----
Dodging        | 1 2 3 4 7 8 9 10 11 | 11.4
Armour         | 2 3 4 7 9 11 12 13 14 15 16 | 16.8
Unarmed Combat | 3 4 5 6 7 10 11 13 16 18 20 21 22 23 24 25 | 25.6
Fighting       | 4 5 6 7 8 9 11 12 13 14 15 16 17 | 17.9
Invocations    | 3 4 5 7 8 10 11 | 11.0
Evocations     | 2 4 |  4.2
Translocations | 2 6 8 9 |  9.0
Spellcasting   | 1 3 5 6 8 |  8.4
Shields        | 4 5 8 10 13 14 15 | 15.1
Earth Magic    | 9 14 | 14.9
Necromancy     | 4 8 9 |  9.8
Charms         | 4 8 9 |  9.0

Action                   |  1- 3 |  4- 6 |  7- 9 | 10-12 | 13-15 | 16-18 | 19-21 | 22-24 | 25-27 || total
-------------------------+-------+-------+-------+-------+-------+-------+-------+-------+-------++-------
Melee: Unarmed           |   136 |   213 |   430 |   849 |  1423 |  1616 |  2214 |  2609 |  1353 || 10843
       Punch             |     1 |     1 |    12 |    40 |    84 |    62 |    51 |       |       ||   251
Throw: Throwing net      |       |       |       |     2 |     1 |       |       |       |       ||     3
 Cast: Regeneration      |       |       |       |       |       |       |     8 |     5 |     9 ||    22
       Apportation       |       |       |       |       |       |       |       |     2 |    11 ||    13
Invok: Depart the Abyss  |     1 |       |       |       |       |     1 |       |       |       ||     2
       Banish            |       |       |       |     3 |     4 |     1 |       |       |       ||     8
       Corrupt           |       |       |       |     1 |       |     1 |       |       |       ||     2
       Bend Space        |       |       |       |     1 |       |       |       |       |       ||     1
 Abil: Stop Flying       |       |       |       |       |       |       |       |     1 |       ||     1
Evoke: Wand              |       |       |     2 |     3 |     5 |     7 |    10 |     6 |     6 ||    39
       Lightning rod     |       |       |       |       |     8 |     4 |       |       |       ||    12
       Sack of spiders   |       |       |       |       |     2 |       |       |       |     1 ||     3
       Box of beasts     |       |       |       |       |     1 |     2 |       |       |       ||     3
  Use: Scroll            |       |     7 |     4 |    13 |    20 |    14 |    20 |    18 |    15 ||   111
       Potion            |       |       |       |     1 |     2 |     3 |    11 |     3 |     1 ||    21
 Stab: Sleeping          |       |       |       |     4 |       |       |       |       |       ||     4
       Distracted        |       |       |       |     1 |       |       |       |     1 |     1 ||     3
       Held in net/web   |       |       |       |     1 |       |       |       |       |       ||     1
       Petrified         |       |       |       |       |       |       |     2 |       |       ||     2
       Paralysed         |       |       |       |       |       |       |     1 |     1 |       ||     2
       Petrifying        |       |       |       |       |       |       |     1 |       |       ||     1
       Confused          |       |       |       |       |       |       |       |       |     3 ||     3
  Eat: Chunk             |     6 |    11 |    40 |   113 |   183 |   175 |   181 |   118 |    28 ||   855
Armor: Leather armour    |     5 |       |       |       |       |       |       |       |       ||     5
       Ring mail         |    60 |    74 |   173 |    65 |       |       |       |       |       ||   372
       Troll leather arm |       |       |       |   175 |    58 |       |       |       |       ||   233
       Plate armour      |       |       |       |       |   729 |  1065 |  1274 |  1289 |   641 ||  4998
Dodge: Dodged            |    87 |   107 |   223 |   364 |   388 |   465 |   659 |   662 |   340 ||  3295
Block: Other             |       |       |       |   129 |   174 |     7 |       |       |       ||   310
       Reflection        |       |       |       |     3 |     3 |     4 |       |       |       ||    10
       Shield            |       |       |       |       |       |       |   793 |  1807 |  1024 ||  3624

Table legend:
 A = Spawn XP
 B = Non-spawn XP
 C = Spawn XP percentage of total XP
 D = Spawn monster count
 E = Non-spawn monster count
 F = Spawn count percentage of total count
 G = Total turns spent on level
                    A         B        C        D         E        F      G
               +---------+---------+-------+---------+---------+-------+---------
         Total |   37912 | 1187448 |   3.1 |      81 |    2068 |   3.8 | 40174
               +---------+---------+-------+---------+---------+-------+---------
           D:1 |       0 |      27 |   0.0 |       0 |      17 |   0.0 |   691
           D:2 |       0 |     103 |   0.0 |       0 |      26 |   0.0 |   386
           D:3 |       0 |      53 |   0.0 |       0 |       9 |   0.0 |   390
           D:4 |       0 |     308 |   0.0 |       0 |       8 |   0.0 |   508
           D:5 |       0 |     459 |   0.0 |       0 |      19 |   0.0 |   888
           D:6 |       0 |    2077 |   0.0 |       0 |      42 |   0.0 |   949
           D:7 |       0 |    2700 |   0.0 |       0 |      32 |   0.0 |   586
           D:8 |       0 |    2022 |   0.0 |       0 |      27 |   0.0 |   634
           D:9 |       0 |    5673 |   0.0 |       0 |      63 |   0.0 |  1273
          D:10 |       0 |    2162 |   0.0 |       0 |      10 |   0.0 |   563
          D:11 |       0 |    5120 |   0.0 |       0 |      24 |   0.0 |  1121
          D:12 |       0 |    3585 |   0.0 |       0 |      20 |   0.0 |   515
          D:13 |       0 |   16664 |   0.0 |       0 |      38 |   0.0 |   739
          D:14 |       0 |    6857 |   0.0 |       0 |      23 |   0.0 |   902
          D:15 |       0 |   15344 |   0.0 |       0 |      27 |   0.0 |   901
        Lair:1 |       0 |    5625 |   0.0 |       0 |      43 |   0.0 |   616
        Lair:2 |       0 |    3300 |   0.0 |       0 |       8 |   0.0 |   405
        Lair:3 |       0 |    7895 |   0.0 |       0 |      18 |   0.0 |   458
        Lair:4 |       0 |    9174 |   0.0 |       0 |      25 |   0.0 |   780
        Lair:5 |       0 |    5426 |   0.0 |       0 |      10 |   0.0 |   367
        Lair:6 |       0 |   18301 |   0.0 |       0 |      49 |   0.0 |   951
       Swamp:1 |       0 |   12470 |   0.0 |       0 |      33 |   0.0 |   569
       Swamp:2 |       0 |   10121 |   0.0 |       0 |      25 |   0.0 |   432
       Swamp:3 |       0 |   13323 |   0.0 |       0 |      31 |   0.0 |   552
       Swamp:4 |       0 |   40504 |   0.0 |       0 |      78 |   0.0 |   845
       Snake:1 |       0 |    7927 |   0.0 |       0 |      13 |   0.0 |   512
       Snake:2 |       0 |   39800 |   0.0 |       0 |      59 |   0.0 |  1109
       Snake:3 |       0 |   13622 |   0.0 |       0 |      29 |   0.0 |   611
       Snake:4 |       0 |   74829 |   0.0 |       0 |     111 |   0.0 |  1931
       Slime:1 |       0 |    2618 |   0.0 |       0 |       7 |   0.0 |    57
       Slime:2 |       0 |     542 |   0.0 |       0 |       2 |   0.0 |    14
         Orc:1 |       0 |     970 |   0.0 |       0 |      29 |   0.0 |   353
         Orc:2 |       0 |   24731 |   0.0 |       0 |     150 |   0.0 |  1991
         Elf:1 |       0 |   21211 |   0.0 |       0 |      31 |   0.0 |   933
         Elf:2 |       0 |    8691 |   0.0 |       0 |      13 |   0.0 |   302
         Elf:3 |       0 |   34123 |   0.0 |       0 |      29 |   0.0 |  1090
      Vaults:1 |       0 |   41594 |   0.0 |       0 |      72 |   0.0 |  1106
      Vaults:2 |       0 |   36984 |   0.0 |       0 |      50 |   0.0 |   768
      Vaults:3 |       0 |   53327 |   0.0 |       0 |      82 |   0.0 |  1203
      Vaults:4 |     557 |   39662 |   1.4 |       2 |      55 |   3.5 |   730
      Vaults:5 |       0 |  152737 |   0.0 |       0 |     128 |   0.0 |  1317
       Crypt:1 |       0 |    2441 |   0.0 |       0 |       5 |   0.0 |    99
       Crypt:2 |       0 |   13538 |   0.0 |       0 |      18 |   0.0 |   230
      Depths:1 |    1240 |   28759 |   4.1 |       4 |      32 |  11.1 |  1066
      Depths:2 |       0 |  126822 |   0.0 |       0 |     116 |   0.0 |  1807
      Depths:3 |       0 |   98368 |   0.0 |       0 |      95 |   0.0 |  1265
      Depths:4 |       0 |   44069 |   0.0 |       0 |      46 |   0.0 |   807
      Depths:5 |       0 |   38352 |   0.0 |       0 |      33 |   0.0 |  1019
       Abyss:3 |    9444 |    9796 |  49.1 |      21 |      16 |  56.8 |   480
       Abyss:4 |    2649 |   16015 |  14.2 |       8 |      37 |  17.8 |   222
       Abyss:5 |   21156 |   13518 |  61.0 |      41 |      24 |  63.1 |   537
           Pan |    2866 |   41082 |   6.5 |       5 |      40 |  11.1 |   813
           Lab |       0 |    2478 |   0.0 |       0 |       5 |   0.0 |   170
         IceCv |       0 |    9549 |   0.0 |       0 |      36 |   0.0 |   453
               +---------+---------+-------+---------+---------+-------+---------
